 Dungeon Crawl Stone Soup version 0.26-a0-859-gf57989e088 (webtiles) character file.

Game seed: 12085282336790553029

176 Conn the Sneak (level 5, -2/31 HPs)
             Began as an Octopode Fire Elementalist on Nov 25, 2020.
             Slain by a worker ant (4 damage)
             ... on level 3 of the Dungeon.
             The game lasted 00:06:00 (3594 turns).

Conn the Sneak (Octopode Fire Elementalist)         Turns: 3594, Time: 00:06:00

Health: -2/31      AC:  1    Str:  7    XL:     5   Next: 56%
Magic:  7/9        EV: 14    Int: 18    God:
Gold:   168        SH:  0    Dex: 13    Spells: 2/9 levels left

rFire    . . .     SeeInvis .   h - +0 short sword
rCold    . . .     Faith    .   (no shield)
rNeg     . . .     Spirit   .   (helmet restricted)
rPois    .         Reflect  .   (no amulet)
rElec    .         Harm     .   (no ring)
rCorr    .         Rampage  .   (no ring)
MR       .....                  (no ring)
Stlth    ++++......             (no ring)
HPRegen  0.10/turn              (no ring)
MPRegen  0.11/turn              (no ring)
                                (no ring)
                                (no ring)

@: lethally poisoned (-2 -> -12), about to teleport
A: almost no armour, stealthy swim, amphibious, 8 rings, constrict 8, camouflage
1, gelatinous body 1
a: no special abilities


You were on level 3 of the Dungeon.
You visited 1 branch of the dungeon, and saw 4 of its levels.

You collected 168 gold pieces.

Inventory:

Hand Weapons
 h - a +0 short sword (weapon)
Scrolls
 a - 3 scrolls of teleportation
 b - a scroll of fear {unknown}
 c - 2 scrolls of identify
 f - a scroll of blinking {unknown}
 g - a scroll of enchant weapon {unknown}
 k - 2 scrolls of remove curse {unknown}
 l - a scroll of noise {unknown}
 p - a scroll of fog {unknown}
Potions
 d - 2 potions of might {unknown}
 e - 3 potions of degeneration {unknown}
 i - 3 potions of curing {unknown}
 j - a potion of mutation {unknown}
 m - a potion of lignification {unknown}
 n - a potion of attraction {unknown}
 o - a potion of magic {unknown}


   Skills:
 + Level 0.3 Fighting
 + Level 0.7 Short Blades
 + Level 2.5 Dodging
 + Level 4.1 Stealth
 * Level 2.7 Spellcasting
 * Level 2.6 Conjurations
 + Level 3.9 Fire Magic


You had 2 spell levels left.
You knew the following spells:

 Your Spells              Type           Power        Failure   Level
a - Foxfire               Conj/Fire      ##..         4%          1
b - Conjure Flame         Conj/Fire      ##......     13%         3
c - Inner Flame           Hex/Fire       #.......     22%         3

Your spell library contained the following spells:

 Spells                   Type           Power        Failure   Level
 Sticky Flame             Conj/Fire      ##......     41%         4
 Fireball                 Conj/Fire      ##........   77%         5


Dungeon Overview and Level Annotations

Branches:
Dungeon (4/15)
 Temple: D:4-7

Altars:
Dithmenos
Hepliaklqana
Nemelex Xobeh
Okawaru
Ru
Trog
Uskayaw
Yredelemnul
The Shining One

Annotations:
D:3 Sigmund


Innate Abilities, Weirdness & Mutations

You cannot wear most types of armour.
You are very stealthy in the water. (Stealth+)
You are amphibious.
You can wear up to eight rings at the same time.
You can use your tentacles to constrict eight enemies at once.
Your skin changes colour to match your surroundings (Stealth+).
Your rubbery body absorbs attacks. (AC +1, EV +1)


Message History

Unknown command.
You hit the worker ant. Your grab misses the worker ant.
You squeeze the worker ant.
The worker ant is moderately wounded.
The scorpion barely misses you. The worker ant bites you.
You hit the worker ant but do no damage.
You grab the worker ant.
You squeeze the worker ant, but do no damage.
The worker ant is moderately wounded.
You constrict the worker ant. The scorpion stings you!
You are lethally poisoned!
The scorpion poisons you! The worker ant misses you.
You hit the worker ant but do no damage.
You squeeze the worker ant.
The worker ant is almost dead.
You constrict the worker ant, but do no damage.
You feel sick. The scorpion stings you!
* * * LOW HITPOINT WARNING * * *
The worker ant bites you.
You die...

#.##..# #.# #(##>## #.# #.##.#
#.# #.##.# #.# #.##.# #.# #.##.#
#.# #.. ..##.# #.### #.# ####B#
#######.... #.# #@# #..........
#.# #s# #.#####..#. #.# #.# #.#
##.#. #.# #####################.
#.# #...................#.
#####.# ###...#...#...#...#..#.
......#####.....†............._#.
###........†#...#...#...#...#..#.
...............................#.


You could see a scorpion and a worker ant.

Vanquished Creatures
  2 orc wizards (D:2)
  3 adders
  2 worms (D:3)
  6 dart slugs
  5 leopard geckos
  3 orcs
  A ball python (D:3)
  11 bats
  8 giant cockroaches
  5 goblins
  6 hobgoblins
  5 kobolds
  A quokka (D:3)
  4 frilled lizards
  9 rats
71 creatures vanquished.

Vanquished Creatures (others)
  170 foxfires
170 creatures vanquished.

Grand Total: 241 creatures vanquished

Notes
Turn   | Place    | Note
-------+----------+-------------------------------------------
     0 | D:1      | Conn the Octopode Fire Elementalist began the quest for the
                  | Orb.
     0 | D:1      | Reached XP level 1. HP: 11/11 MP: 3/3
   286 | D:1      | Reached XP level 2. HP: 17/17 MP: 0/5
   654 | D:1      | Reached XP level 3. HP: 21/21 MP: 3/6
  1714 | D:2      | Reached skill level 3 in Stealth
  1714 | D:2      | Reached XP level 4. HP: 27/27 MP: 2/7
  2105 | D:2      | Found a bloodstained altar of Trog.
  2170 | D:2      | Found a hazy altar of Hepliaklqana.
  2464 | D:2      | Reached XP level 5. HP: 31/31 MP: 8/8
  2514 | D:2      | Found an iron altar of Okawaru.
  2805 | D:3      | Found a shadowy altar of Dithmenos.
  2852 | D:3      | Found a sacrificial altar of Ru.
  2905 | D:3      | Found a glowing golden altar of the Shining One.
  2965 | D:3      | Found a basalt altar of Yredelemnul.
  2967 | D:3      | Found a hide-covered altar of Uskayaw.
  3157 | D:3      | Found a sparkling altar of Nemelex Xobeh.
  3256 | D:3      | Reached skill level 4 in Stealth
  3476 | D:3      | Noticed Sigmund
  3486 | D:3      | Learned a level 3 spell: Conjure Flame
  3490 | D:3      | Learned a level 3 spell: Inner Flame
  3594 | D:3      | Slain by a worker ant

Illustrated notes

Levels and vault maps discovered:
D:1:      minmay_arrival_wavy_path, layout_basic
D:2:      layout_loops_ring, general_overflow_altar, overflow_temple_1_default,
          trog_three_pillars_becter
D:3:      layout_loops_ring, lemuel_coloured_pillars_altar,
          grunt_temple_overflow_open, nicolae_overflow_crystal_walls,
          gup_sewer_entry_spiral, nicolae_dithmenos_shadow_blocks, uniq_sigmund
D:4:      layout_cave_pods, serial_shops, shop, nicolae_gozag_seed_capital,
          uniq_ijyb, uniq_grinder, uniq_duvessa

Skill      XL: |  1  2  3  4  5 |
---------------+----------------+-----
Stealth        | 3 4 |  4.1
Conjurations   | 2 |  2.6
Fighting       | |  0.3
Short Blades   | |  0.7
Dodging        | |  2.5
Spellcasting   | |  2.7
Fire Magic     | |  3.9

Action                   |  1- 3 |  4- 6 || total
-------------------------+-------+-------++-------
Melee: Unarmed           |     6 |       ||     6
       Constrict         |     4 |     7 ||    11
       Short sword       |     5 |    25 ||    30
       Tentacles         |     2 |     7 ||     9
 Cast: Foxfire           |    49 |    52 ||   101
  Use: Scroll            |       |     2 ||     2
 Stab: Sleeping          |     2 |     9 ||    11
Armor: Skin              |     6 |     3 ||     9
Dodge: Dodged            |    28 |    40 ||    68

Table legend: (Time is in decaauts)
 A = Elapsed time spent in this place.
 B = Non-inter-level travel time spent in this place.
 C = Inter-level travel time spent in this place.
 D = Time resting spent in this place.
 E = Time spent auto-exploring this place.
 F = Levels seen in this place.
 G = Mean time per level.
                   A        B        C        D        E       F      G
               +--------+--------+--------+--------+--------+-----+--------+
         Total |   3595 |   3569 |     26 |    482 |   2137 |   4 |  898.8 |
       Dungeon |   3595 |   3569 |     26 |    482 |   2137 |   4 |  898.8 |
               +--------+--------+--------+--------+--------+-----+--------+

Top non-repeatable levels by time:
     D:1: 1463 daAuts
     D:2: 1157 daAuts
     D:3: 966 daAuts
     D:4: 7 daAuts
